[Event "Late-Titled-Tuesday-Blitz-May-28-2024"]
[Site "Chess.com"]
[Date "2024.05.28"]
[Round "5"]
[White "jcmesafischer"]
[Black "WindWhistler11"]
[Result "1-0"]
[WhiteElo "2365"]
[BlackElo "2521"]
[TimeControl "180+1"]
[EndTime "14:57:28 PDT"]
[Termination "jcmesafischer won by checkmate"]

1. e4 e6 2. Qe2 b6 3. Nf3 Ba6 4. d3 c5 5. g3 Be7 6. Bg2 d5 7. Nbd2 Nf6 8. O-O O-O 9. e5 Nfd7 10. Re1 Nc6 11. h4 Qb8 12. Nf1 Bd8 13. N1h2 b5 14.
h5 b4 15. Ng4 Qb6 16. Be3 Qa5 17. Qd2 c4 18. dxc4 Bxc4 19. Bg5 Rc8 20. h6 g6 21. Bxd8 Qxd8 22. a3 a5 23. axb4 Nxb4 24. c3 Nd3 25. Reb1 N3c5 26. Ra3 Ne4 27. Qf4 Rb8 28.
Nd4 Nec5 29. Nc6 Nd3 30. Qe3 Qb6 31. Nxb8 Qxe3 32. Nxe3 Nxb8 33. Rxa5 Bb3 34. Ra3 Bc4 35. b3 Bb5 36. c4 Be8 37. cxd5 Nxe5 38. dxe6 fxe6 39. b4 Nbd7 40. b5 Nb6 41. Ra6 Ned7 42.
Bc6 Nc8 43. Bxd7 Bxd7 44. Ra8 Nb6 45. Rxf8+ Kxf8 46. Rc1 Ke7 47. Nc4 Nd5 48. Ne5 Bxb5 49. Rb1 Be8 50. Rb7+ Kf6 51. f4 g5 52. Rxh7 gxf4 53.
gxf4 Nxf4 54. Ng4+ Kg5 55. Rg7+ Kf5 56. h7 Nh3+ 57.
Kh2 Nf4 58. h8=Q Bc6 59. Qh7+ Ng6 60. Qxg6+ Kf4 61. Qf6+ Ke4 62. Qe5+ Kd3 63. Nf2+ Kd2 64. Qd4+ Kc1 65. Qc3+ Kb1 66. Rg1+ Ka2 67. Ra1# 1-0

[Event "Late-Titled-Tuesday-Blitz-May-28-2024"]
[Site "Chess.com"]
[Date "2024.05.28"]
[Round "5"]
[White "cthake"]
[Black "chess_sharparchitect"]
[Result "1-0"]
[WhiteElo "1779"]
[BlackElo "2341"]
[TimeControl "180+1"]
[EndTime "14:57:30 PDT"]
[Termination "cthake won on time"]

1. e4 c5 2. b3 Nc6 3. Bb2 e5 4. d3 Nf6 5. Be2 d5 6. exd5 Nxd5 7. Nf3 Bd6 8. O-O O-O 9. Nbd2 f6 10. Nc4 Bc7 11.
a4 b6 12. Nfd2 Be6 13. Bf3 Rc8 14. Re1 Qd7 15. Ne4 h6 16. h4 Rce8 17. Bc1 f5 18.
Ng3 Kh7 19. Bd2 Nd4 20. Nxe5 Bxe5 21. Rxe5 Qd6 22. Re1 Bd7 23. Rxe8 Rxe8 24. h5 Nf6 25. Qc1 Qe5 26. Bf4 Qe6 27. Bb7 Nd5 28. Bxd5 Qxd5 29.
Be3 Bc6 30. f3 Ne6 31. Nf1 Qd6 32. Bf2 f4 33. Qd2 Ng5 34. Nh2 Rf8 35. Re1 Qf6 36. Ng4 Qf5 37. Re5 Qf7 38. d4 Qxh5 39. Qd3+ Kh8 40. d5 Bd7 41. Qd1 Bxg4 42. fxg4 Qf7 43. Rf5 Qe7 44. Rxf8+ Qxf8 45. d6 Qd8 46. d7 Nf7 47. b4 Ne5 48. bxc5 bxc5 49. Bxc5 Qxd7 50. Qxd7 Nxd7 51. Bxa7 Kg8 52. Kf2 Kf7 53. Kf3 g5 54.
a5 Ke6 55. a6 Kd6 56. Bd4 Kc7 57. Bg7 Nc5 58. Bxh6 Nxa6 59. Bxg5 Nb4 60. Bxf4+ Kd7 61. c3 Nd3 62. c4 Nb2 63. c5 Nd3 64. Bd6 Kc6 65.
g5 Kd5 66. g6 Ke6 67. g7 Kf7 68. c6 Kxg7 69. c7 Ne1+ 70. Ke2 Nxg2 71. c8=Q Nh4 72. Qg4+ Ng6 73. Kf3 Kf6 74. Qd7 Kg5 75. Qg7 1-0

[Event "Late-Titled-Tuesday-Blitz-May-28-2024"]
[Site "Chess.com"]
[Date "2024.05.28"]
[Round "5"]
[White "rhungaski"]
[Black "RespectfulDaveOnYouTube"]
[Result "1-0"]
[WhiteElo "2609"]
[BlackElo "2475"]
[TimeControl "180+1"]
[EndTime "14:57:39 PDT"]
[Termination "rhungaski won by checkmate"]

1. b3 d5 2. Bb2 Bg4 3. f3 Bh5 4. e4 dxe4 5. Qe2 Nd7 6. Nc3 exf3 7. Nxf3 Ngf6 8. O-O-O e6 9. h3 Bd6 10. g4 Bg6 11. Bg2 c6 12. Nh4 Qa5 13. Kb1 O-O-O 14. Nxg6 hxg6 15. Ne4 Nxe4 16. Qxe4 Nf6 17. Qf3 Be5 18.
d4 Bd6 19. h4 Rd7 20. g5 Nh5 21.
Qg4 Qf5 22. Bf3 Ng3 23. Rh3 Qxg4 24. Bxg4 Ne4 25. d5 cxd5 26. Bxg7 Rh7 27. Bd4 Kd8 28.
Kb2 b6 29. Rf1 Rc7 30. Rd1 Ke7 31. a4 Bc5 32. Be5 Bd6 33. Bd4 Ke8 34. Re1 Bc5 35.
Be5 Rc8 36. Bf4 Bf2 37. Re2 Bd4+ 38. Kc1 Nc3 39. Rd2 Na2+ 40. Kd1 Bc3 41. Rdd3 Nb4 42. Rxc3 Rxc3 43. Rxc3 Rxh4 44. Rc8+ Kd7 45. Rc7+ Kd8 46. Bd6 Rxg4 47. Rxf7 Nc6 48. Rc7 Nd4 49. Rxa7 Rg1+ 50. Kd2 Nf3+ 51. Ke3 Nxg5 52. Bc7+ Kd7 53. Bxb6+ Kc6 54.
a5 Ne4 55. c4 Rg3+ 56. Kf4 Rxb3 57. Ke5 dxc4 58. Rc7+ Kb5 59. Kxe4 Rb1 60. Rb7 Kc6 61. Rc7+ Kb5 62. Rc5+ Ka6 63. Rxc4 Rb5 64. Rc6 g5 65. Rxe6 Kb7 66. Rg6 Rb4+ 67. Kd5 Rb5+ 68. Kc4 Rf5 69. Kb4 Rf4+ 70. Kb5 Rf5+ 71. Bc5 Kc7 72. Rg7+ Kc8 73.
a6 Rf1 74. a7 Rb1+ 75. Kc6 Kd8 76. Rg8# 1-0

[Event "Late-Titled-Tuesday-Blitz-May-28-2024"]
[Site "Chess.com"]
[Date "2024.05.28"]
[Round "5"]
[White "DanielNaroditsky"]
[Black "kingofthenil"]
[Result "1/2-1/2"]
[WhiteElo "3079"]
[BlackElo "2933"]
[TimeControl "180+1"]
[EndTime "14:57:43 PDT"]
[Termination "Game drawn by repetition"]

1. e4 Nc6 2. Nf3 d5 3. exd5 Qxd5 4. Nc3 Qh5 5. Bb5 Bg4 6. Qe2 e6 7. Bxc6+ bxc6 8. Qe4 Bxf3 9. gxf3 Kd7 10. d3 Nf6 11. Qd4+ Bd6 12. Ne4 Qxf3 13. Rg1 Nxe4 14. dxe4 Rab8 15.
Rg3 Qh1+ 16. Ke2 Rb4 17. c4 c5 18. Qd3 Rhb8 19. b3 Qxh2 20. Bb2 Qh5+ 21. Kf1 Rxc4 22. Rh3 Qg4 23. Re1 Rcb4 24. e5 c4 25. Qf3 Qxf3 26. Rxf3 Be7 27. Rxf7 Ke8 28. Rxg7 cxb3 29.
axb3 Rxb3 30. Bd4 a5 31. Kg2 R8b4 32. Be3 Rb1 33. Re2 R4b2 34. Rxb2 Rxb2 35. Rxh7 a4 36. Rh8+ Kd7 37. Ra8 a3 38. Kf3 a2 39. Ke4 Bb4 40. Bd4 Re2+ 41. Kd3 Rd2+ 42. Kc4 c5 43. Bxc5 Bxc5 44.
Kxc5 Rxf2 45. Ra7+ Kc8 46. Kd6 Rc2 47. Kxe6 Kb8 48. Ra3 Kb7 49. Ke7 Rc5 50. e6 Rc7+ 51.
Kf6 Rc2 52. e7 Rf2+ 53. Kg7 Re2 54. Kf7 Rf2+ 55. Ke8 Kc7 56. Ra7+ Kb6 57. Ra8 Kc7 58.
Ra7+ Kb6 59. Ra3 Kc7 60. Rc3+ Kb7 61. Rc1 Re2 62. Ra1 Kc7 63. Rc1+ Kb7 64. Rd1 Kc7 65. Kf7 Rf2+ 66. Kg7 Re2 67. Kf8 Rf2+ 68. Ke8 Re2 69. Rf1 Kb7 70. Kf8 Rf2+ 71. Rxf2 a1=Q 72. e8=Q Qh8+ 73.
Ke7 Qe5+ 74. Kf7 Qh5+ 75. Ke7 Qe5+ 76. Kd7 Qb5+ 77. Kd8 Qa5+ 78. Ke7 Qe5+ 1/2-1/2

[Event "Late-Titled-Tuesday-Blitz-May-28-2024"]
[Site "Chess.com"]
[Date "2024.05.28"]
[Round "5"]
[White "TheAlienParty"]
[Black "ChessLebaneseSalah"]
[Result "0-1"]
[WhiteElo "2383"]
[BlackElo "2556"]
[TimeControl "180+1"]
[EndTime "14:57:50 PDT"]
[Termination "ChessLebaneseSalah won by checkmate"]

1. c4 Nf6 2. Nc3 d5 3. cxd5 Nxd5 4. e4 Nb6 5. d4 g6 6. h3 Bg7 7. Be3 Nc6 8. Nf3 O-O 9. Be2 e5 10. d5 Ne7 11. Rc1 Bd7 12. Nb5 Bxb5 13. Bxb5 f5 14.
Ng5 Qd6 15. O-O fxe4 16. Ne6 Qxd5 17. Qxd5 Nexd5 18. Nxf8 Bxf8 19. Bxb6 axb6 20. Rfe1 c6 21. Bc4 Kg7 22. Rxe4 Kf6 23. a3 Bc5 24. Rh4 h5 25.
Kf1 Bd4 26. Rc2 Ra4 27. Re4 Kf5 28. Ree2 Nf4 29. Bb3 Ra8 30. Red2 h4 31. Rc1 g5 32. Bc2+ Kf6 33. Be4 Ra5 34. Kg1 Rb5 35. b4 c5 36.
Kh2 cxb4 37. axb4 Rxb4 38. Bxb7 Rb3 39. Be4 b5 40. Rc6+ Ke7 41. g3 hxg3+ 42. fxg3 Ne6 43. Bd5 Nc5 44. Bxb3 Nxb3 45. Re2 b4 46. Rc4 Nc1 47. Rxd4 Nxe2 48. Rxb4 Nd4 49. Rb2 Kf6 50. Kg2 Kf5 51. Kf2 Ke4 52. Rb8 Kf5 53. Rg8 Kf6 54. Rf8+ Kg6 55.
Re8 Kf6 56. Rf8+ Kg6 57. Ra8 Kf5 58. Ke3 Nc2+ 59. Kd2 Nd4 60. Kd3 Ne6 61. Ra5 g4 62. h4 Ng7 63. Ke3 Nh5 64. Kf2 Nf6 65. Ra8 Ne4+ 66. Kg2 Nf6 67. Rf8 Kg6 68. Ra8 Kf5 69.
Ra2 Ne4 70. Re2 Nf6 71. Re3 Nd5 72. Ra3 e4 73. Kf1 e3 74. Ke2 Ke4 75. Rxe3+ Nxe3 76. h5 Nf5 77. h6 Nxh6 78. Kf2 Nf5 79. Ke2 Nxg3+ 80. Kf2 Nf5 81. Kg2 Kf4 82. Kf2 g3+ 83. Kg2 Kg4 84. Kg1 Nh4 85. Kh1 Nf5 86. Kg1 Kh3 87.
Kh1 Nd4 88. Kg1 Nf3+ 89. Kh1 g2# 0-1

[Event "Late-Titled-Tuesday-Blitz-May-28-2024"]
[Site "Chess.com"]
[Date "2024.05.28"]
[Round "5"]
[White "TheDiscoOne"]
[Black "simaopdias"]
[Result "1-0"]
[WhiteElo "2513"]
[BlackElo "2256"]
[TimeControl "180+1"]
[EndTime "14:57:50 PDT"]
[Termination "TheDiscoOne won on time"]

1. c4 e6 2. g3 Be7 3. Bg2 Nf6 4. Nf3 O-O 5. O-O d5 6. b3 b6 7. cxd5 exd5 8. Bb2 Be6 9. d4 c5 10. Nc3 Nc6 11.
Rc1 Rc8 12. e3 h6 13. dxc5 bxc5 14. Qe2 Qa5 15. Rfd1 Rfd8 16. Qb5 a6 17. Qxa5 Nxa5 18. Na4 Ne4 19. Nd2 Nf6 20. Nf3 Ne4 21. Ne1 c4 22.
bxc4 Rxc4 23. Rxc4 Nxc4 24. Bd4 Bf6 25. Bxf6 Nxf6 26.
Nd3 Ne4 27. Ndc5 Nxc5 28. Nxc5 Rd6 29. Rd4 Ne5 30. h3 g6 31. Ne4 Rb6 32. Nf6+ Kg7 33. Nxd5 Rb1+ 34. Kh2 Rb2 35. Rf4 Rxa2 36. Nc7 Nd3 37.
Nxe6+ fxe6 38. Re4 Kf6 39. Rd4 Nxf2 40. Kg1 e5 41. Rd6+ Kg7 42. Rd7+ Kf6 43. Rd8 Ke7 44. Rd5 Kf6 45. Rd6+ Ke7 46. Rd5 Kf6 47. Rd8 Ke7 48.
Rg8 Nd3 49. Rxg6 Ra1+ 50. Kh2 a5 51. Rxh6 a4 52. Ra6 Ne1 53. Bd5 a3 54. h4 Rd1 55.
e4 Rd2+ 56. Kh3 Rd3 57. h5 Kf8 58. h6 Nf3 59. Ra7 Ng5+ 60. Kg4 a2 61. Kxg5 Rxg3+ 62. Kf5 Rh3 63. Rxa2 Rxh6 64. Ra8+ Ke7 65. Ra7+ Kd8 66. Rf7 Rh5+ 67. Ke6 Ke8 68. Rf5 Rh1 69. Kxe5 Ke7 70. Rf7+ Ke8 71. Ra7 Kd8 72. Kd6 Rh6+ 73. Be6 1-0

[Event "Late-Titled-Tuesday-Blitz-May-28-2024"]
[Site "Chess.com"]
[Date "2024.05.28"]
[Round "5"]
[White "secretworker2027"]
[Black "Abund"]
[Result "0-1"]
[WhiteElo "2618"]
[BlackElo "2817"]
[TimeControl "180+1"]
[EndTime "14:57:54 PDT"]
[Termination "Abund won by resignation"]

1. e4 c6 2. Nf3 d5 3. d3 Qc7 4. Qe2 g6 5. g3 Bg7 6. Bg2 e5 7.
O-O Ne7 8. Nc3 O-O 9. b3 Re8 10.
Re1 Nd7 11. a4 a5 12. exd5 Nxd5 13. Nxd5 cxd5 14. Bb2 b6 15. Nd4 Bb7 16. Nb5 Qb8 17.
Ba3 Re6 18. Qd2 Nc5 19. Rad1 d4 20. Bxb7 Qxb7 21. Bxc5 bxc5 22. Re2 f5 23. Rde1 Qb6 24. c3 Rae8 25. cxd4 cxd4 26. Qc1 Rc6 27. Qa3 e4 28. b4 Kh8 29. dxe4 axb4 30. Qd3 Rce6 31. exf5 gxf5 32. Qc4 Rxe2 33. Rxe2 Rd8 34. Qf7 Qg6 35. Qe7 Qf6 36. Qxb4 d3 37. Rd2 Bh6 38. Rd1 d2 39. f4 Bf8 40. Qc3 Qxc3 41. Nxc3 Bb4 42. Nb1 Ra8 43. Kf2 Re8 44. Nxd2 Rd8 45. Ke2 Re8+ 46. Kd3 Rd8+ 47. Kc2 Rc8+ 48. Kb3 Ba5 49. Nc4 Rb8+ 50. Kc2 Rc8 51. Kd3 Rd8+ 52. Ke2 Re8+ 53.
Kf3 Bc3 54. Rd3 Bb4 55. Ne5 Ra8 56. Rd4 Rxa4 57. Nd3 Ra3 58. Rd8+ Kg7 59. Rd4 Bc5 60. Rd7+ Kf6 61. g4 fxg4+ 62. Ke4 Bg1 63. Rd6+ Ke7 64.
Rc6 Ra4+ 65. Kf5 h5 66. Ne5 Ra5 67. Re6+ Kd8 68. Rh6 Bxh2 69. Rxh5 g3 70. Ke6 Kc7 71. Rh7+ Kc8 72. Rh8+ Kb7 73. Rh7+ Ka6 74. Rg7 Ra2 75. Nd3 Kb5 76. Rg5+ Kc4 77. Ne1 Re2+ 78. Kf5 Rxe1 79. Rg4 Re2 80. Kg6 g2 81. f5+ Kd5 82. f6 g1=Q 83.
Rxg1 Bxg1 84. f7 Bc5 85. Kf6 Rf2+ 86. Kg7 Ke6 87. Kg8 Rxf7 88. Kh8 Kf6 0-1

[Event "Late-Titled-Tuesday-Blitz-May-28-2024"]
[Site "Chess.com"]
[Date "2024.05.28"]
[Round "5"]
[White "Dexter_Dyke"]
[Black "Cuchulin"]
[Result "1/2-1/2"]
[WhiteElo "2442"]
[BlackElo "2227"]
[TimeControl "180+1"]
[EndTime "14:57:59 PDT"]
[Termination "Game drawn by repetition"]

1. e4 c5 2. Nf3 Nc6 3. d4 cxd4 4. c3 Nf6 5. e5 Nd5 6. Bc4 Nb6 7. Bb3 d6 8. exd6 Qxd6 9. O-O dxc3 10. Qxd6 exd6 11.
Re1+ Be7 12. Nxc3 O-O 13. Bf4 Bg4 14. Nb5 Bxf3 15. gxf3 d5 16. Rad1 Bb4 17. Re2 a6 18. Nc7 Rad8 19. Nxd5 Nxd5 20. Rxd5 Rxd5 21. Bxd5 Rd8 22.
Bb3 Nd4 23. Re3 Bd2 24. Bc7 Bxe3 25. Bxd8 Bc1 26. Bd5 Bxb2 27. Bxb7 a5 28. Bxa5 g6 29. a4 Nb3 30. Bb6 Bc3 31. Bd5 Na5 32. Kf1 Kf8 33.
Ke2 Bb4 34. Kd3 Ke7 35. f4 f6 36. h4 h6 37. f5 g5 38. h5 Kd6 39. Ba8 Ke5 40. Be4 Kd6 41. Bd4 Ke7 42. Bd5 Be1 43. Bc3 Bxc3 44. Kxc3 Kd6 45. Be6 Kc5 46. Bd7 Nb7 47.
Be6 Na5 48. f3 Nb7 49. Kd3 Na5 50. Bd7 Nb7 51. Bc8 Na5 52. Kc3 Nc6 53. Be6 Na5 54. Bf7 Nc6 55. Be8 Na5 56. Kd3 Nb7 57. f4 g4 58. Bf7 Na5 59. Ke4 Nc6 60. Be8 Na5 61. Bb5 Nb3 62. Ke3 Na5 63. Kf2 Kd4 64. Kg3 Ke3 65. Kxg4 Kf2 66. Bd7 Nb3 67. Be6 Na5 68.
Bd5 Ke3 69. Kg3 Kd4 70. Bf3 Ke3 71. Ba8 Nc4 72. Bc6 Na5 73. Bb5 Nb3 74. Bc6 Na5 75.
Bd5 Kd4 76. Be6 Ke3 77. Bd7 Nc4 78. Kg4 Na5 79. Bb5 Nb3 80. Bc4 Na5 81. Bd5 Kd4 82.
Bg2 Ke3 83. Ba8 Nc4 84. Bc6 Na5 85. Bd5 Kd4 86. Be6 Ke3 87. Ba2 Nc6 88. Bf7 Na5 89.
Be8 Nb3 90. Bc6 Na5 91. Bd5 1/2-1/2

[Event "Late-Titled-Tuesday-Blitz-May-28-2024"]
[Site "Chess.com"]
[Date "2024.05.28"]
[Round "5"]
[White "NMJeevanK"]
[Black "moro182"]
[Result "0-1"]
[WhiteElo "2686"]
[BlackElo "2891"]
[TimeControl "180+1"]
[EndTime "14:58:03 PDT"]
[Termination "moro182 won by checkmate"]

1. e4 g6 2. d4 Bg7 3. Nc3 a6 4. Be3 b5 5. g4 Bb7 6. Bg2 d6 7. h4 h6 8. Qd2 Nd7 9. g5 hxg5 10. hxg5 Rxh1 11. Bxh1 e6 12. O-O-O Nb6 13. f4 Nc4 14. Qf2 Ne7 15. b3 Nxe3 16. Qxe3 Qd7 17. Nge2 O-O-O 18. Bf3 Kb8 19. a3 Rh8 20. Rh1 Rxh1+ 21.
Bxh1 Qe8 22. Qh3 Qh8 23. Qxh8+ Bxh8 24. Kd2 Kc8 25. Ke3 Kd7 26. Bf3 e5 27. fxe5 dxe5 28. d5 f5 29. gxf6 Bxf6 30. Bg4+ Kd6 31. Nd1 c6 32. c4 Bg5+ 33. Kd3 cxd5 34. cxd5 Ng8 35.
Nf2 Nf6 36. Bf3 Bc8 37. Ng1 Bd7 38. Bd1 Nh5 39. Ngh3 Bc1 40. a4 bxa4 41. bxa4 a5 42. Ng4 g5 43. Kc4 Ng3 44. Nhf2 Ba3 45. Nf6 Bc8 46. Kb5 Bb4 47. Ne8+ Ke7 48. Nc7 Bd7+ 49. Kb6 Nf1 50. Nb5 Ne3 51. Kc7 Bxb5 52. axb5 Nxd1 53. Nxd1 a4 54. b6 a3 55. Ne3 a2 56. Nf5+ Kf6 57.
b7 a1=Q 58. b8=Q Qa5+ 59. Kd7 Qa4+ 60. Kc8 Qc2+ 61. Kd7 Qxe4 62. Qh8+ Kxf5 63. Qh7+ Kf4 64. Qh2+ Ke3 65. Qg1+ Kd3 66. Qd1+ Kc4 67. Qc1+ Bc3 68. Qf1+ Qd3 69. Qxd3+ Kxd3 70. Ke6 e4 71. d6 e3 72. d7 Ba5 73. Kf5 e2 74. Kg4 e1=Q 75. Kh5 Qe2+ 76. Kg6 Bd8 77. Kg7 Qe7+ 78. Kh8 Qxd7 79. Kg8 Ke4 80.
Kf8 Kf5 81. Kg8 Kg6 82. Kh8 Bf6+ 83. Kg8 Qh7+ 84. Kf8 Qe7+ 85. Kg8 Qe8# 0-1

[Event "Late-Titled-Tuesday-Blitz-May-28-2024"]
[Site "Chess.com"]
[Date "2024.05.28"]
[Round "5"]
[White "Yaacovn"]
[Black "HowTo2Draw"]
[Result "0-1"]
[WhiteElo "2842"]
[BlackElo "2584"]
[TimeControl "180+1"]
[EndTime "14:58:07 PDT"]
[Termination "HowTo2Draw won by resignation"]

1. d4 Nf6 2. Nf3 g6 3. e3 Bg7 4.
Be2 O-O 5. O-O d6 6. b3 c5 7. Bb2 cxd4 8. Nxd4 Nc6 9. c4 a6 10. Qd2 Rb8 11. Rd1 Nxd4 12. Bxd4 b5 13. cxb5 axb5 14. Nc3 Bd7 15. Rac1 e5 16. Ba7 Rb7 17. Qxd6 Rxa7 18.
Bxb5 Qb8 19. Qxb8 Rxb8 20. a4 e4 21. Bxd7 Nxd7 22. Nb5 Rab7 23. h3 Ne5 24. Rd5 Nd3 25.
Rc4 f5 26. f3 Ne5 27. Rcc5 Nd3 28. Rc6 Ne5 29. Rcc5 Nd3 30. Rc7 Rxc7 31. Nxc7 Rxb3 32. Rd8+ Kf7 33. Rd7+ Kg8 34. fxe4 fxe4 35. Rd8+ Kf7 36. Rd7+ Kg8 37. a5 Ra3 38. a6 Be5 39. g4 Bxc7 40. Rxc7 Rxa6 41. Re7 Ra4 42. Kh2 Nc5 43. Re5 Nd7 44. Rb5 Nf8 45. Kg3 Ne6 46. Re5 Kf7 47.
Rb5 Kf6 48. h4 h6 49. Rb6 g5 50. hxg5+ hxg5 51. Rb5 Ra3 52. Rf5+ Ke7 53. Kf2 Ra2+ 54. Kf1 Kd6 55. Rb5 Rh2 56. Rb6+ Kd5 57. Rb5+ Nc5 58.
Rb4 Rh4 59. Kf2 Rxg4 60. Rd4+ Ke5 61. Rd8 Nd3+ 62. Kf1 Rh4 63. Re8+ Kf5 64. Kg2 Rg4+ 65. Kh2 Rh4+ 66. Kg2 Rh6 67. Rf8+ Rf6 68. Ra8 Ne5 69. Ra1 Rd6 70. Ra8 Rd2+ 71. Kg3 Re2 72. Ra3 Nd3 73. Ra5+ Kg6 74. Kg4 Rg2+ 75. Kh3 Rg1 76. Kh2 Re1 77. Kg3 Rxe3+ 78. Kg2 Re1 79. Kg3 Kh5 80. Ra8 Rg1+ 81. Kh2 Rc1 82. Rh8+ Kg4 83.
Rf8 e3 84. Re8 Kf3 85. Rf8+ Nf4 86. Rc8 Rxc8 0-1

[Event "Late-Titled-Tuesday-Blitz-May-28-2024"]
[Site "Chess.com"]
[Date "2024.05.28"]
[Round "5"]
[White "FuenfgegenWilly"]
[Black "BogdanDeac"]
[Result "1/2-1/2"]
[WhiteElo "2471"]
[BlackElo "3064"]
[TimeControl "180+1"]
[EndTime "14:58:12 PDT"]
[Termination "Game drawn by repetition"]

1. b3 e5 2. Bb2 Nc6 3. e3 Nf6 4. c4 g6 5. Nf3 Qe7 6. Nc3 Bg7 7. a3 O-O 8. Qc2 d6 9. d3 a5 10. Be2 h6 11. O-O Bf5 12. Nd5 Qd8 13. Bc3 Ne7 14. Nxf6+ Bxf6 15. Qd2 Nc6 16. e4 Bg4 17. Qxh6 Bxf3 18. Bxf3 Bg5 19. Qh3 Kg7 20. g3 Rh8 21.
Qg2 Nd4 22. Bd1 Bf6 23. Bxd4 exd4 24. f4 c6 25. Bf3 Qb6 26. Rfb1 Qc5 27. Qd2 b5 28. b4 axb4 29. axb4 Qb6 30. e5 dxe5 31. c5 Qc7 32. fxe5 Bxe5 33. Re1 Ra4 34. Qg2 Rxb4 35. Bxc6 Rb3 36. Qe4 Bf6 37. Rab1 Rxb1 38. Rxb1 Qa5 39. Rf1 Qd2 40. Rf2 Qc1+ 41. Kg2 Qxc5 42.
Bd5 Qd6 43. Bb3 Rb8 44. h4 b4 45. Qf3 Re8 46. Re2 Rc8 47. g4 Rc7 48. g5 Be5 49. Rf2 Qd7 50. Bc4 Qe7 51. Qe4 Qd6 52. Qf3 f6 53.
Re2 Qd7 54. Qe4 Qd6 55. gxf6+ Bxf6 56. Rf2 Qc6 57. Qxc6 Rxc6 58. Rb2 Rb6 59. h5 gxh5 60. Kg3 h4+ 61. Kg4 Kf8 62. Rf2 Ke7 63. Kf5 b3 64.
Rb2 h3 65. Kf4 Kd6 66. Kg3 h2 67. Kxh2 Ke5 68. Kg2 Kf4 69. Kf2 Bh4+ 70. Ke2 Rg6 71. Rxb3 Rg2+ 72. Kd1 Ke3 73. Kc1 Rg1+ 74. Kb2 Rg2+ 75.
Ka3 Be7+ 76. Ka4 Rc2 77. Kb5 Rc3 78. Rb1 Kd2 79. Rb2+ Kc1 80. Rh2 Bg5 81. Rh1+ Kd2 82. Kc6 Be3 83. Kd5 Kc2 84. Ke4 Kb2 85. Rh2+ Rc2 86.
Rxc2+ Kxc2 87. Ba6 Kc3 88. Bc4 Kc2 89. Kf3 Kc3 90.
Ke2 Kc2 91. Kf3 Kc3 92. Ke2 Kc2 93. Kf3 1/2-1/2

[Event "Late-Titled-Tuesday-Blitz-May-28-2024"]
[Site "Chess.com"]
[Date "2024.05.28"]
[Round "5"]
[White "Hakiki_satranc"]
[Black "SoCalJuniorChess"]
[Result "1-0"]
[WhiteElo "2400"]
[BlackElo "2224"]
[TimeControl "180+1"]
[EndTime "14:58:23 PDT"]
[Termination "Hakiki_satranc won on time"]

1. e4 d5 2. exd5 Qxd5 3. Nc3 Qd8 4. d4 Nf6 5. Bf4 c6 6. Qd2 e6 7. Nf3 Bb4 8. Bd3 Nd5 9. O-O Qa5 10. Bxb8 Rxb8 11. Qg5 g6 12. Ne4 Be7 13. Qg3 Qc7 14. Ne5 f6 15. Nc4 Qxg3 16. hxg3 O-O 17. c3 f5 18.
Ned6 Bxd6 19. Nxd6 Rd8 20. Nc4 b6 21. Ne5 Bd7 22. Rfe1 Be8 23. Bc4 b5 24. Bb3 a5 25.
a3 a4 26. Bxd5 exd5 27. Nd3 Bf7 28. Re7 Re8 29. Rae1 Kf8 30. R7e5 Rxe5 31. Rxe5 Re8 32.
Nc5 h6 33. f4 Re7 34. Kf2 Be8 35. Kf3 Bf7 36. g4 fxg4+ 37. Kxg4 Be8 38. Kf3 Bd7 39. g4 Be8 40. g5 h5 41. Kg3 Bd7 42.
Kh4 Bf5 43. Na6 Bd7 44. Nb4 Be8 45. Nd3 Bd7 46. Kg3 Be8 47. Ne1 Bd7 48. Nf3 Be8 49.
Nh4 Rg7 50. Re6 Re7 51. Nxg6+ Bxg6 52. Rxg6 Re2 53. Rxc6 Rxb2 54. f5 Rb3 55. Kf4 Rxa3 56. Ke5 Ra1 57. Kf6 Ke8 58. g6 Kd7 59. Rb6 Rg1 60.
Rxb5 a3 61. Ra5 Rg3 62. g7 h4 63. Kf7 h3 64. g8=Q Rxg8 65. Kxg8 h2 66. Ra7+ Kc6 67. Rh7 a2 68. Rh6+ Kb5 69. f6 a1=Q 70. f7 Qg1+ 71. Kh8 h1=Q 72. f8=Q Qe4 73. Qb8+ Kc4 74. Qc7+ Kd3 75.
Rh3+ Kd2 76. Rh2+ Kd3 77. Rh3+ Qee3 78. Rxe3+ Qxe3 79. Qc5 Qh6+ 80. Kg8 Qg6+ 81. Kf8 Qf6+ 82. Ke8 Qe6+ 83. Kd8 Kc2 84. Kc7 Qf7+ 85. Kc6 Qe6+ 86. Kb5 Kd3 87. Kb4 Qf7 88. Qb5+ Ke4 89. Qb6 Qd7 90.
Kc5 Qe7+ 91. Qd6 Qa7+ 92. Qb6 Qa3+ 93. Qb4 Qa7+ 94. Kc6 Qe7 95. Qxe7+ 1-0

[Event "Late-Titled-Tuesday-Blitz-May-28-2024"]
[Site "Chess.com"]
[Date "2024.05.28"]
[Round "5"]
[White "emeli_chess"]
[Black "protectiago"]
[Result "1-0"]
[WhiteElo "2423"]
[BlackElo "2127"]
[TimeControl "180+1"]
[EndTime "14:58:32 PDT"]
[Termination "emeli_chess won by checkmate"]

1. d4 d5 2. c4 dxc4 3. Nf3 a6 4. e3 e6 5. a4 c5 6. Bxc4 Nc6 7. O-O Nf6 8. Qe2 cxd4 9. Rd1 Be7 10. exd4 O-O 11.
Nc3 Qc7 12. Bg5 h6 13. Bxf6 Bxf6 14. d5 Ne5 15. Nxe5 Bxe5 16. h3 Bxc3 17. bxc3 exd5 18. Bxd5 Bf5 19. c4 Rad8 20. Qf3 Bc8 21. a5 Rd7 22. Qe3 Re7 23. Qb6 Rfe8 24. Qxc7 Rxc7 25. Kf1 Be6 26. Re1 Rec8 27. Rab1 Bxd5 28. cxd5 Rc5 29. Rxb7 Rxd5 30. Ree7 Rc1+ 31. Ke2 Rc2+ 32. Ke3 Rf5 33. Re8+ Kh7 34. Ra8 Rxa5 35. Rxf7 Raa2 36. Raa7 Re2+ 37. Kd3 Rad2+ 38. Kc3 Rc2+ 39. Kb3 Rb2+ 40. Kc3 Rbc2+ 41. Kd4 Rcd2+ 42. Kc5 Rc2+ 43. Kb6 Re6+ 44. Ka5 Rg6 45. g4 Ra2+ 46.
Kb4 a5+ 47. Rxa5 Rb2+ 48. Kc3 Re2 49. Raf5 Rd6 50. Rc7 Red2 51. Rff7 R2d3+ 52. Kc4 R3d4+ 53. Kb3 Rd3+ 54. Rc3 Rb6+ 55. Kc2 Rxc3+ 56. Kxc3 Kg6 57. Rf8 Re6 58. Kd3 Re7 59. f4 Re1 60. h4 Re7 61. f5+ Kh7 62. Rd8 g6 63. f6 Rf7 64. g5 hxg5 65. hxg5 Ra7 66. Ke4 Ra4+ 67. Ke5 Ra5+ 68. Rd5 Ra7 69. Ke6 Ra6+ 70. Rd6 Ra8 71. Rd7+ Kg8 72.
Ke7 Rf8 73. Rd8 Rxd8 74. Kxd8 Kf7 75. Kd7 Kf8 76. Ke6 Ke8 77. Kd6 Kf7 78. Kc7 Ke8 79.
Kc8 Kf7 80. Kd7 Kf8 81. Kd6 Kf7 82. Ke5 Ke8 83. Ke6 Kf8 84. f7 Kg7 85. Ke7 Kh7 86. Ke8 Kh8 87. f8=Q+ Kh7 88. Qf7+ Kh8 89. Qa7 Kg8 90. Ke7 Kg7 91. Ke6+ Kf8 92. Kf6 Ke8 93. Qe7# 1-0

[Event "Late-Titled-Tuesday-Blitz-May-28-2024"]
[Site "Chess.com"]
[Date "2024.05.28"]
[Round "5"]
[White "dawid498"]
[Black "Vladimir_Zakhartsov"]
[Result "0-1"]
[WhiteElo "2676"]
[BlackElo "2869"]
[TimeControl "180+1"]
[EndTime "14:59:25 PDT"]
[Termination "Vladimir_Zakhartsov won on time"]

1. e4 c5 2. Nc3 Nc6 3. Bb5 Nd4 4. Bc4 e6 5. Nge2 Qc7 6. d3 a6 7.
a4 Nf6 8. Nxd4 cxd4 9. Ne2 Nxe4 10. Nxd4 Bb4+ 11. Kf1 Nf6 12. c3 Be7 13. a5 O-O 14. Be3 d5 15. Bb3 e5 16. Nf3 Bg4 17. h3 Bh5 18. Bb6 Qd6 19. g4 Bg6 20. d4 exd4 21. Bxd4 Be4 22. Bc2 Qf4 23. Bxe4 dxe4 24. Nd2 Rad8 25.
Qe2 Rfe8 26. Kg2 Bc5 27. Nb3 Bxd4 28. Nxd4 e3 29. Qf3 Qg5 30. Rhe1 exf2 31. Qxf2 h5 32. Rxe8+ Rxe8 33. Re1 Rxe1 34. Qxe1 hxg4 35. hxg4 Qxg4+ 36. Kf1 Qh3+ 37. Ke2 Qh5+ 38. Kd3 Qxa5 39. Qe7 Qb6 40. Kc2 g6 41. Qe5 Kg7 42. Qg5 Kg8 43. Qe5 Kf8 44.
Qb8+ Kg7 45. Qe5 Qd8 46. Qg5 Qd5 47. Qg3 Qe4+ 48. Kb3 b5 49. Ka3 Qd5 50. Qc7 g5 51. Qg3 Kg6 52. Qd3+ Qe4 53. Qd1 g4 54. Ka2 Qd5+ 55.
Ka1 Qe4 56. Qd2 g3 57. Ne2 Nh5 58. Qd6+ Qe6 59. Qd3+ Qf5 60. Qd6+ Qf6 61. Qd3+ Qf5 62. Qd6+ Kg7 63. Nxg3 Nxg3 64. Qxg3+ Qg6 65. Qe5+ Kh7 66. Qh2+ Kg8 67. Qb8+ Kg7 68. Qe5+ Qf6 69. Qg3+ Kh7 70. Qh3+ Qh6 71. Qf5+ Kg8 72. Qc8+ Kg7 73.
Qg4+ Qg6 74. Qd4+ f6 75. Qd7+ Qf7 76. Qg4+ Qg6 77. Qd7+ Kh8 78. Qd8+ Kh7 79. Qd7+ Kh6 80. Qh3+ Qh5 81. Qe3+ Qg5 82. Qh3+ Kg6 83. Qe6 a5 84.
Qe8+ Kh6 85. Qh8+ Kg6 86. Qg8+ Kf5 87. Qd5+ Kg4 88. Qg2+ Kh5 89. Qh3+ Kg6 90. Qe6 a4 91. Ka2 Qe5 92. Qg4+ Kf7 93. Qd7+ Kg6 94. Qg4+ Qg5 95. Qe4+ Qf5 96. Qg2+ Kf7 97. Ka1 Qe5 98. Qb7+ Kg6 99. Qg2+ Qg5 100. Qe4+ f5 101. Qc6+ Kh5 102. Qxb5 f4 103. Qe8+ Kg4 104. Qd7+ Kg3 105. Qd6 Qb5 106. Qg6+ Kf2 107. Qc2+ Qe2 108. Qf5 f3 109. Qc5+ Qe3 110. Qf5 Ke1 111.
Qb1+ Kd2 112. Qf5 f2 113. Qd5+ Ke1 0-1

[Event "Late-Titled-Tuesday-Blitz-May-28-2024"]
[Site "Chess.com"]
[Date "2024.05.28"]
[Round "6"]
[White "Vladimir_Zakhartsov"]
[Black "sofaceindisguise"]
[Result "1-0"]
[WhiteElo "2873"]
[BlackElo "2644"]
[TimeControl "180+1"]
[EndTime "15:01:57 PDT"]
[Termination "Vladimir_Zakhartsov won by resignation"]

1. e4 c5 2. Nf3 e6 3. g3 Nc6 4. Bg2 Nf6 5. Qe2 d5 6. exd5 Nxd5 7. O-O Be7 8. Rd1 Nd4 9. Nxd4 cxd4 10. c4 Nb4 11. d3 a5 12. Na3 O-O 13. Bf4 f6 14.
Nb5 e5 15. Bd2 Kh8 16. f4 Bf5 17. Bxb4 Bxb4 18. fxe5 fxe5 19. Bxb7 Rb8 20. Be4 Bh3 21. Qh5 1-0

[Event "Late-Titled-Tuesday-Blitz-May-28-2024"]
[Site "Chess.com"]
[Date "2024.05.28"]
[Round "6"]
[White "Cuchulin"]
[Black "ACollins05"]
[Result "1-0"]
[WhiteElo "2241"]
[BlackElo "2456"]
[TimeControl "180+1"]
[EndTime "15:02:00 PDT"]
[Termination "Cuchulin won by resignation"]

1. d4 c6 2. Bf4 d5 3. e3 Nf6 4. Nf3 Bf5 5. Bd3 Bxd3 6. Qxd3 e6 7. O-O Bd6 8. Ne5 O-O 9. Nd2 Qc7 10. Bg3 c5 11. c3 Nc6 12. f4 c4 13. Qe2 Ne7 14.
e4 b5 15. Nxf7 Rxf7 16. e5 Nd7 17. exd6 Qxd6 18. f5 e5 19. dxe5 Qb6+ 20. Bf2 Nc5 21. b4 cxb3 22. Nxb3 Rc8 23. Nxc5 Rxc5 24. Bxc5 Qxc5+ 25. Kh1 Nxf5 26. e6 Rf8 27. Rxf5 1-0